 Dungeon Crawl Stone Soup version 0.24.0-123-gd5b16e6ec5 (webtiles) character file.

Game seed: 13818372029515489928, levelgen mode: deterministic

7477 azimuth the Spear-Bearer (level 11, -1/86 HPs)
             Began as a Merfolk Gladiator on Jan 25, 2020.
             Was an Elder of Hepliaklqana.
             Slain by a minotaur
             ... wielding a +4 rapier of electrocution
              (7 damage)
             ... in a Gauntlet.
             The game lasted 00:28:35 (11172 turns).

azimuth the Spear-Bearer (Merfolk Gladiator)       Turns: 11172, Time: 00:28:37

Health: -1/86      AC: 18    Str: 24    XL:     11   Next: 15%
Magic:  11/11      EV:  9    Int:  9    God:    Hepliaklqana [****..]
Gold:   525        SH:  0    Dex: 17    Spells: 10/10 levels left

rFire    . . .     SeeInvis +   w - +5 scythe "Finisher" {speed, eviscerate}
rCold    . . .     Gourm    .   (shield currently unavailable)
rNeg     . . .     Faith    .   G - +0 plate armour
rPois    +         Spirit   .   c - +0 helmet
rElec    .         Reflect  .   N - +0 cloak of Amorality {rPois Slay+2} (curse)
rCorr    .         Harm     .   v - +0 pair of gloves (curse)
MR       .....     NoTele   +   (no boots)
Stlth    ..........             q - amulet "Syhuvviss" {Acrobat Str+7 Int+2 SInv Stlth-}
HPRegen  0.24/turn              M - +1 ring of slaying
MPRegen  0.12/turn              p - ring of stealth

@: no status effects
A: change form in water, swift swim, stealthy swim, reduced essence, blurry
vision 1, robust 1, shaggy fur 1
a: Recall Ancestor, Ancestor Identity, Transference, Idealise, Renounce Religion


You were in a Gauntlet.
You worshipped Hepliaklqana.
Hepliaklqana was greatly pleased with you.
You were not hungry.

You visited 1 branch of the dungeon, and saw 10 of its levels.
You also visited: Ossuary and Gauntlet.

You collected 525 gold pieces.

Inventory:

Hand Weapons
 a - a +1 trident
 w - the +5 scythe "Finisher" (weapon) {speed, eviscerate}
   (You acquired it on level 12 of the Dungeon)

   Attacks with this weapon are significantly faster.
Missiles
 d - 3 throwing nets
 l - 32 poisoned darts (quivered)
 t - 13 boomerangs
 y - 2 curare-tipped darts
Armour
 c - a +0 helmet (worn)
 h - a +1 scale mail of cold resistance
 v - a cursed +0 pair of gloves (worn)
 G - a +0 plate armour (worn)
 N - the cursed +0 cloak of Amorality (worn) {rPois Slay+2}
   (You found it in a Gauntlet)

   It affects your accuracy and damage with ranged weapons and melee attacks
   (+2).
   It protects you from poison.
   It has a curse placed upon it.
Jewellery
 b - an uncursed ring of resist corrosion
 e - an uncursed ring of flight
 j - an uncursed ring of ice
 p - a ring of stealth (right hand)
 q - the amulet "Syhuvviss" (around neck) {Acrobat Str+7 Int+2 SInv Stlth-}
   (You found it in a Gauntlet)

   [amulet of the acrobat]

   It helps you evade while moving and waiting.
   It affects your strength (+7).
   It affects your intelligence (+2).
   It lets you see invisible.
   It makes you less stealthy.
 A - an uncursed amulet of magic regeneration
 M - a +1 ring of slaying (left hand)
Wands
 k - a wand of paralysis (12)
 u - a wand of random effects (9)
 I - a wand of digging (3)
Scrolls
 i - 6 scrolls of remove curse
 n - a scroll of vulnerability
 o - 7 scrolls of teleportation
 r - 2 scrolls of enchant armour
 s - 3 scrolls of immolation
 z - 3 scrolls of amnesia
 B - 2 scrolls of blinking
 E - a scroll of fog {unknown}
 H - a scroll of magic mapping
 J - 2 scrolls of enchant weapon
 O - a scroll of summoning {unknown}
Potions
 g - 2 potions of heal wounds
 m - 5 potions of curing
 x - 2 potions of agility
 C - a potion of haste
 D - 3 potions of flight
 F - a potion of invisibility
 K - 2 potions of resistance
Comestibles
 f - 8 rations
 L - a chunk of flesh


   Skills:
 + Level 7.9 Fighting
 + Level 14.8 Polearms
 + Level 3.8 Throwing
 * Level 8.2 Armour
 - Level 4.0 Dodging


You had 10 spell levels left.
You didn't know any spells.
Your spell library contained the following spells:

 Spells                   Type           Power        Failure   Level  Hunger
 Magic Dart               Conj           #...         99%         1    ##.....
 Blink                    Tloc           N/A          100%        2    ###....
 Call Imp                 Summ           #.......     100%        2    ###....
 Slow                     Hex            #.......     100%        2    ###....
 Conjure Flame            Conj/Fire      #.......     100%        3    ####...
 Mephitic Cloud           Conj/Pois/Air  #.......     100%        3    ####...
 Cause Fear               Hex            #.........   100%        4    #####..
 Silence                  Hex/Air        #.........   100%        5    ######.
 Yara's Violent Unravell  Hex/Tmut       #.........   100%        5    ######.
 Deflect Missiles         Chrm/Air       #.........   100%        6    #######
 Discord                  Hex            #.........   100%        8    #######


Dungeon Overview and Level Annotations

Branches:
Dungeon (12/15)            Temple (0/1) D:6            Lair (0/6) D:8
    Orc (0/2) D:9         Ossuary (visited)         Gauntlet (1/1)

Altars:
Hepliaklqana

Shops:
D:9 %

Annotations:
D:8 2 transporters, 3 runed translucent doors, levadok's ghost, novice DEFE Gauntlet 8 transporters, 17 runed translucent doors


Innate Abilities, Weirdness & Mutations

You revert to your normal form in water.
You are very nimble and swift while swimming.
You are very stealthy in the water. (Stealth+)
Your life essence is reduced to manifest your ancestor. (-10% HP)
Scrolls take you a little longer to read.
You are robust. (+10% HP)
You are covered in fur. (AC +1)


Message History

You enter the transporter and appear at another place.
You start waiting.
Fikile emerges from the mists of memory!
You open the door.
A minotaur comes into view.
It is wielding a +4 rapier of electrocution and wearing a +2 shield of protection.
You feel a little less agile now.
The minotaur bellows!
The minotaur throws a javelin.
The javelin pierces through you!!
Found a box of beasts and a blackened brass wand.
You swap places.
The minotaur throws a javelin.
The javelin pierces through Fikile!!!
Fikile is destroyed!
The javelin misses you. The minotaur blocks your attack.
The minotaur hits you with a +4 rapier of electrocution!!
* * * LOW HITPOINT WARNING * * *
You are electrocuted!
* * * LOW HITPOINT WARNING * * *
The minotaur gores you!
You die...

./# .8# #### .}# ###8.# H8#
#...(# ..# #.#.@# .8#
#.#.H##'##..#. #.............
#.#.##.#.##.#. #.#...(# .. #
#.#.#######.#.# #.............#
##...©.©.©...#
###############..8.8.8..#########


You could see a minotaur.

Vanquished Creatures
  A dire elephant (Gauntlet)
  An orange crystal statue (Gauntlet)
  An elephant (Gauntlet)
  A troll (D:12)
  A hippogriff (D:8)
  5 yaks
  A steam dragon (D:8)
  A water moccasin (D:7)
  4 porcupines (D:8)
  Purgy (D:4)
  A necrophage (D:5)
  An ice beast (D:5)
  4 ogres
  2 centaurs (D:9)
  3 crocodiles (D:8)
  A bullfrog (D:7)
  12 scorpions
  A wyvern skeleton (D:6)
  A killer bee (D:9)
  5 wights (D:7)
  4 centaur zombies
  2 crimson imps
  2 human zombies (Ossuary)
  2 quasits (D:8)
  4 orc priests
  2 bullfrog skeletons
  A gnoll shaman (D:8)
  2 hounds
  Terence (D:3)
  4 orc wizards
  2 worker ants
  A hound zombie (D:6)
  3 mummies
  7 gnolls
  2 howler monkey skeletons
  5 adders
  3 scorpion zombies (Ossuary)
  2 shadow imps (D:6)
  An ooze (D:3)
  An adder zombie (D:6)
  3 adder skeletons
  A worm (D:3)
  3 dart slugs
  9 leopard geckos
  25 orcs
  2 giant cockroaches
  A gnoll zombie (Ossuary)
  4 goblins
  7 hobgoblins
  2 jackals (D:3)
  6 kobolds
  3 quokkas
  2 ball pythons
  A ball python skeleton (D:4)
  3 bats
  9 frilled lizards
  A giant cockroach zombie (D:6)
  5 hobgoblin zombies
  2 kobold zombies
  12 rats
  A plant (D:8)
201 creatures vanquished.

Vanquished Creatures (collateral kills)
  2 hungry ghosts (D:7)
  A sky beast (D:8)
  2 ogres
  A bullfrog (D:7)
  3 scorpions
  A hound (D:6)
  A human zombie (Ossuary)
  An orc priest (D:8)
  3 worker ants
  A killer bee zombie (D:6)
  A mummy (Ossuary)
  A gnoll (D:4)
  2 scorpion zombies (Ossuary)
  An adder skeleton (D:6)
  A worm (D:5)
  5 orcs
  2 jackals (D:3)
  3 goblin zombies (Ossuary)
  An orc zombie (Ossuary)
  A rat (D:3)
  A bush (D:8)
35 creatures vanquished.

Vanquished Creatures (others)
  8 hexers
  2 ancestors (Ossuary)
  An orc (D:8)
  2 bushes (D:8)
  2 demonic plants (Gauntlet)
  4 fungi (D:8)
  10 plants (D:8)
29 creatures vanquished.

Grand Total: 265 creatures vanquished

Notes
Turn   | Place    | Note
-------+----------+-------------------------------------------
     0 | D:1      | azimuth the Merfolk Gladiator began the quest for the Orb.
     0 | D:1      | Reached XP level 1. HP: 16/16 MP: 1/1
   172 | D:1      | Reached XP level 2. HP: 23/23 MP: 2/2
   558 | D:1      | Reached skill level 5 in Polearms
   698 | D:1      | Reached XP level 3. HP: 28/28 MP: 3/3
  1855 | D:3      | Reached skill level 6 in Polearms
  1855 | D:3      | Reached XP level 4. HP: 34/34 MP: 4/4
  1882 | D:3      | Noticed Terence
  1896 | D:3      | Killed Terence
  1896 | D:3      | Reached skill level 1 in Armour
  2025 | D:3      | You fall into a shaft and drop 3 floors!
  2047 | D:6      | Reached skill level 7 in Polearms
  2047 | D:6      | Reached XP level 5. HP: 23/41 MP: 5/5
  2263 | D:5      | Entered Level 5 of the Dungeon
  2482 | D:5      | Reached XP level 6. HP: 27/47 MP: 6/6
  2626 | D:5      | Found a hazy altar of Hepliaklqana.
  2638 | D:5      | Became a worshipper of Hepliaklqana the Forgotten
  2729 | D:5      | Noticed a necrophage
  2740 | D:5      | Killed a necrophage
  2740 | D:5      | Reached skill level 8 in Polearms
  3181 | D:4      | Reached XP level 7. HP: 44/46 MP: 7/7
  3254 | D:4      | Reached * piety under Hepliaklqana
  3273 | D:4      | Found a sand-covered staircase.
  3282 | Ossuary  | Entered an ossuary
  3580 | Ossuary  | Reached skill level 9 in Polearms
  4019 | Ossuary  | Reached XP level 8. HP: 48/54 MP: 8/8
  4229 | Ossuary  | Reached skill level 10 in Polearms
  4861 | Ossuary  | Gained mutation: Scrolls take you a little longer to read.
                  | [potion of mutation]
  4861 | Ossuary  | Gained mutation: You evolve. [potion of mutation]
  4861 | Ossuary  | Gained mutation: You are weak. (Str -2) [potion of
                  | mutation]
  4861 | Ossuary  | Gained mutation: You have an increased reservoir of magic.
                  | (+10% MP) [potion of mutation]
  4945 | Ossuary  | Gained mutation: You are covered in fur. (AC +1)
                  | [evolution]
  5203 | D:4      | Noticed Purgy
  5209 | D:4      | Killed Purgy
  5434 | D:4      | You fall into a shaft and drop 2 floors!
  5890 | D:4      | Reached skill level 11 in Polearms
  5890 | D:4      | Reached skill level 5 in Armour
  6216 | D:4      | Reached XP level 9. HP: 59/60 MP: 9/9
  6392 | D:3      | Lost mutation: Scrolls take you a little longer to read.
                  | [evolution]
  6392 | D:3      | Lost mutation: You evolve. [end of evolution]
  6416 | D:3      | Lost mutation: You are weak. (Str -2) [potion of mutation]
  6416 | D:3      | Lost mutation: You have an increased reservoir of magic.
                  | (+10% MP) [potion of mutation]
  6416 | D:3      | Gained mutation: You expend magic power (3 MP) to
                  | strengthen your wands. [potion of mutation]
  6416 | D:3      | Gained mutation: You passively map a small area around you.
                  | [potion of mutation]
  6417 | D:3      | Lost mutation: You expend magic power (3 MP) to strengthen
                  | your wands. [potion of mutation]
  6417 | D:3      | Lost mutation: You passively map a small area around you.
                  | [potion of mutation]
  6417 | D:3      | Gained mutation: Scrolls take you a little longer to read.
                  | [potion of mutation]
  6417 | D:3      | Gained mutation: You are robust. (+10% HP) [potion of
                  | mutation]
  7174 | D:5      | Reached skill level 5 in Fighting
  7509 | D:6      | Found a staircase to the Ecumenical Temple.
  7722 | D:6      | Reached ** piety under Hepliaklqana
  7723 | D:6      | Remembered your ancestor Fikile as a hexer
  8313 | D:7      | Reached skill level 12 in Polearms
  8926 | D:8      | Reached *** piety under Hepliaklqana
  8956 | D:8      | Reached skill level 13 in Polearms
  9031 | D:8      | Found a transporter.
  9074 | D:8      | Reached XP level 10. HP: 75/76 MP: 10/10
  9333 | D:8      | Found a transporter.
  9526 | D:8      | Found a runed translucent gate.
  9526 | D:8      | Found a runed translucent gate.
  9526 | D:8      | Found a runed translucent gate.
  9573 | D:8      | Noticed a kobold demonologist
  9578 | D:8      | Found a staircase to the Lair.
  9578 | D:8      | Identified the +2 dagger "Romujas" {chaos, MR+ Str+3 Int-2}
  9580 | D:8      | Noticed levadok's ghost (novice DEFE)
  9835 | D:8      | Reached skill level 14 in Polearms
 10296 | D:9      | Found Cethakig's Food Boutique.
 10338 | D:9      | Found a staircase to the Orcish Mines.
 10693 | D:9      | You fall into a shaft and drop 3 floors!
 10813 | D:12     | Identified a scroll of acquirement
 10815 | D:12     | Found the +5 scythe "Finisher" {speed, eviscerate}
 10831 | D:12     | Found a gate leading to a gauntlet.
 10840 | Gauntlet | Entered a Gauntlet
 10840 | Gauntlet | Found a transporter.
 10840 | Gauntlet | Found a large runed translucent door.
 10840 | Gauntlet | Found a large runed translucent door.
 10840 | Gauntlet | Found a large runed translucent door.
 10840 | Gauntlet | Found a large runed translucent door.
 10840 | Gauntlet | Found a large runed translucent door.
 10840 | Gauntlet | Found a large runed translucent door.
 10840 | Gauntlet | Found a runed translucent door.
 10840 | Gauntlet | Found a runed translucent door.
 10840 | Gauntlet | Found a large runed translucent door.
 10840 | Gauntlet | Found a large runed translucent door.
 10840 | Gauntlet | Found a large runed translucent door.
 10840 | Gauntlet | Found a large runed translucent door.
 10840 | Gauntlet | Found a large runed translucent door.
 10840 | Gauntlet | Found a large runed translucent door.
 10841 | Gauntlet | Found a large runed translucent door.
 10841 | Gauntlet | Found a large runed translucent door.
 10841 | Gauntlet | Found a large runed translucent door.
 10841 | Gauntlet | Found a large runed translucent door.
 10849 | Gauntlet | Found a transporter.
 10849 | Gauntlet | Found a runed translucent gate.
 10849 | Gauntlet | Found a runed translucent gate.
 10849 | Gauntlet | Found a runed translucent gate.
 10850 | Gauntlet | Noticed an orange crystal statue
 10851 | Gauntlet | Found a transporter.
 10851 | Gauntlet | Found a transporter.
 10853 | Gauntlet | Noticed a wretched star
 10854 | Gauntlet | Found a transporter.
 10855 | Gauntlet | Found a transporter.
 10857 | Gauntlet | Noticed a dire elephant
 10859 | Gauntlet | Noticed an elephant
 10860 | Gauntlet | Reached **** piety under Hepliaklqana
 10863 | Gauntlet | Found a transporter.
 10863 | Gauntlet | Noticed an apocalypse crab
 10864 | Gauntlet | Found a transporter.
 10883 | Gauntlet | Noticed a brown ugly thing
 10884 | Gauntlet | Found a transporter.
 10884 | Gauntlet | Noticed a great orb of eyes
 10901 | Gauntlet | Found a transporter.
 10905 | Gauntlet | Found a transporter.
 10913 | Gauntlet | Found a transporter.
 10923 | Gauntlet | Noticed a moth of wrath
 11094 | Gauntlet | Killed an orange crystal statue
 11097 | Gauntlet | Got a heavily runed ruby amulet
 11104 | Gauntlet | Identified the amulet "Syhuvviss" {Acrobat Str+7 Int+2 SInv
                  | Stlth-} (You found it in a Gauntlet)
 11114 | Gauntlet | Killed an elephant
 11114 | Gauntlet | Reached XP level 11. HP: 85/85 MP: 11/11
 11118 | Gauntlet | Killed a dire elephant
 11129 | Gauntlet | Got a crude cloak
 11135 | Gauntlet | Identified the cursed +0 cloak of Amorality {rPois Slay+2}
                  | (You found it in a Gauntlet)
 11164 | Gauntlet | Noticed a minotaur
 11172 | Gauntlet | Slain by a minotaur

Levels and vault maps discovered:
D:1:      lightli_arrival_noodles, layout_loops_ring
D:2:      layout_loops_ring, chequers_serial_rivers_small_b
D:3:      layout_basic, first_ration, serial_glass, glass_columns_c,
          glass_columns_b, uniq_terence
D:4:      layout_basic, nicolae_ossuary_entry_giza, minmay_unequal, uniq_purgy
D:5:      layout_gridville, kennysheep_little_box
D:6:      layout_gridville, minmay_temple_entry_statues_fountains,
          serial_undead, serial_undead_e, serial_undead_c, serial_undead_a,
          serial_undead_b
D:7:      layout_gridville
D:8:      gammafunk_cloud_chamber, layout_rooms, minmay_lair_entry_grove,
          gammafunk_ghost_nasty_kobolds
D:9:      layout_rooms, david_orc_2, serial_shops, nicolae_shop_statue_plus
D:12:     layout_grid_maze, gauntlet_entry_generic, minmay_misc_feat_square
Gauntlet: minmay_gauntlet_mixed_oops_all_seconds
          [minmay_gauntlet_arena_77_broken_ladder,
          minmay_gauntlet_arena_make_your_own_arena,
          minmay_gauntlet_arena_77_chump_sandwich, nicolae_gauntlet_arena_x,
          minmay_gauntlet_arena_77_two_lines, gammafunk_gauntlet_arena_hedges,
          nicolae_gauntlet_exit_dead_adventurers]

Skill      XL: |  1  2  3  4  5  6  7  8  9 10 11 |
---------------+----------------------------------+-----
Polearms       | 5 6 7 8 9 11 13 14 | 14.8
Armour         | 1 2 3 5 6 7 8 |  8.2
Fighting       | 3 4 6 7 |  7.9
Throwing       | 3 |  3.8
Dodging        | |  4.0

Action                   |  1- 3 |  4- 6 |  7- 9 | 10-12 || total
-------------------------+-------+-------+-------+-------++-------
Melee: Trident           |   140 |    91 |   494 |   271 ||   996
       Scythe            |       |       |       |    18 ||    18
Throw: Dart              |       |     8 |     9 |    21 ||    38
Invok: Recall Ancestor   |       |       |     1 |     1 ||     2
       Ancestor Life: He |       |       |     1 |       ||     1
  Use: Scroll            |       |     7 |     7 |    10 ||    24
       Potion            |       |       |     5 |     4 ||     9
 Stab: Distracted        |       |       |     3 |       ||     3
       Sleeping          |       |       |     3 |       ||     3
       Confused          |       |       |     2 |     1 ||     3
  Eat: Chunk             |     3 |     4 |     9 |     6 ||    22
       Ration            |       |       |     3 |     1 ||     4
Armor: Scale mail        |    35 |    15 |    95 |     5 ||   150
       Plate armour      |       |       |       |    46 ||    46
Dodge: Dodged            |    38 |    31 |   134 |    27 ||   230
